TOP OF THE 1ST |
Maryland Terrapins batting - Pitching for Xavier Musketeers : RHP Garrett Bell
|
Pitching: RHP Garrett Bell
|
|
Batting: LHB Edmund Stone
|
0-0: Ball 1-0: Called Strike 1-1: SINGLE (Groundball, 4D)
|
Batting: LHB James Navarro
|
0-0: Called Strike 0-1: Grounds into double play, 4-6-3 (Groundball, 4)
|
Batting: LHB Gary Powers
|
0-0: Called Strike 0-1: Foul Ball, location: 2F 0-2: Ball 1-2: Foul Ball, location: 2F 1-2: Foul Ball, location: 2F 1-2: Strikes out swinging
|
Top of the 1st over - 0 run(s), 1 hit(s), 0 error(s), 0 left on base; Maryland 0 - Xavier 0 |
BOTTOM OF THE 1ST |
Xavier Musketeers batting - Pitching for Maryland Terrapins : RHP Andrew Gil
|
Pitching: RHP Andrew Gil
|
|
Batting: RHB Art Cornell
|
0-0: Swinging Strike 0-1: Ball 1-1: Called Strike 1-2: Foul Ball, location: 2F 1-2: Ground out 1-3 (Groundball, 13)
|
Batting: RHB Florentino López
|
0-0: Ball 1-0: Foul Ball, location: 2F 1-1: Called Strike 1-2: Strikes out swinging
|
Batting: LHB Freddy Torres
|
0-0: Ball 1-0: SOLO HOME RUN (Flyball, 89XD), Distance : 417 ft
|
Batting: RHB Jeff Lawrence
|
0-0: Ball 1-0: Ball 2-0: Fly out, F7 (Line Drive, 7)
|
Bottom of the 1st over - 1 run(s), 1 hit(s), 0 error(s), 0 left on base; Maryland 0 - Xavier 1 |
TOP OF THE 2ND |
Maryland Terrapins batting - Pitching for Xavier Musketeers : RHP Garrett Bell
|
Batting: RHB Randall James
|
0-0: Called Strike 0-1: Swinging Strike 0-2: Strikes out swinging
|
Batting: LHB Don MacNeill
|
0-0: Ball 1-0: Fly out, F8 (Flyball, 78S)
|
Batting: RHB Bill Cooper
|
0-0: Ball 1-0: Swinging Strike 1-1: Ball 2-1: Ball 3-1: Foul Ball, location: 2F 3-2: Foul Ball, location: 2F 3-2: Base on Balls
|
Batting: LHB Josh Peterson
|
0-0: Ball 1-0: Ground out 6-3 (Groundball, 6D)
|
Top of the 2nd over - 0 run(s), 0 hit(s), 0 error(s), 1 left on base; Maryland 0 - Xavier 1 |
BOTTOM OF THE 2ND |
Xavier Musketeers batting - Pitching for Maryland Terrapins : RHP Andrew Gil
|
Batting: RHB Bobby Doyle
|
0-0: Ball 1-0: Ball 2-0: Ball 3-0: Base on Balls
|
Batting: RHB Weldon Samuels
|
0-0: Ball 1-0: Fielders Choice at 2nd, 6-4 (Groundball, 6)
|
Batting: RHB James Simon
|
0-0: Called Strike Weldon Samuels steals 2nd base 0-1: Swinging Strike 0-2: Ball 1-2: Strikes out swinging
|
Batting: LHB Bobby Meegan
|
0-0: Called Strike 0-1: Ball 1-1: Ball 2-1: Reached on error, E4 (Popup, 4D) Weldon Samuels to third
|
Batting: RHB Les Rupp
|
0-0: Called Strike 0-1: Ball 1-1: Ball 2-1: Foul Ball, location: 2F 2-2: Ground out 6-3 (Groundball, 6M)
|
Bottom of the 2nd over - 0 run(s), 0 hit(s), 1 error(s), 2 left on base; Maryland 0 - Xavier 1 |
TOP OF THE 3RD |
Maryland Terrapins batting - Pitching for Xavier Musketeers : RHP Garrett Bell
|
Batting: RHB Juan Arroyo
|
0-0: Called Strike 0-1: Ball 1-1: Ball 2-1: Foul Ball, location: 2F 2-2: Ball 3-2: Foul Ball, location: 2F 3-2: Strikes out swinging
|
Batting: RHB Bill Marsh
|
0-0: Ball 1-0: Foul Ball, location: 2F 1-1: Foul Ball, location: 2F 1-2: SOLO HOME RUN (Line Drive, 78XD), Distance : 413 ft
|
Batting: LHB Edmund Stone
|
0-0: Called Strike 0-1: Foul Ball, location: 2F 0-2: Ball 1-2: Ball 2-2: Ground out 3-1 (Groundball, 34)
|
Batting: LHB James Navarro
|
0-0: Foul Ball, location: 2F 0-1: Fly out, F2 (Popup, 2R)
|
Top of the 3rd over - 1 run(s), 1 hit(s), 0 error(s), 0 left on base; Maryland 1 - Xavier 1 |
BOTTOM OF THE 3RD |
Xavier Musketeers batting - Pitching for Maryland Terrapins : RHP Andrew Gil
|
Batting: RHB Art Cornell
|
0-0: Ball 1-0: Foul Ball, location: 2F 1-1: Fly out, F9 (Flyball, 89S)
|
Batting: RHB Florentino López
|
0-0: DOUBLE (Line Drive, 78D)
|
Batting: LHB Freddy Torres
|
0-0: Ball 1-0: Ball 2-0: Ball 3-0: Called Strike 3-1: Called Strike 3-2: Base on Balls
|
Batting: RHB Jeff Lawrence
|
0-0: Ball 1-0: Called Strike 1-1: Ball 2-1: Fly out, F4 (Line Drive, 4M)
|
Batting: RHB Bobby Doyle
|
0-0: Called Strike 0-1: Swinging Strike 0-2: Ball 1-2: Strikes out swinging
|
Bottom of the 3rd over - 0 run(s), 1 hit(s), 0 error(s), 2 left on base; Maryland 1 - Xavier 1 |
TOP OF THE 4TH |
Maryland Terrapins batting - Pitching for Xavier Musketeers : RHP Garrett Bell
|
Batting: LHB Gary Powers
|
0-0: Swinging Strike 0-1: Ball 1-1: Foul Ball, location: 2F 1-2: Strikes out swinging
|
Batting: RHB Randall James
|
0-0: Ground out 5-3 (Groundball, 56)
|
Batting: LHB Don MacNeill
|
0-0: Foul Ball, location: 2F 0-1: Swinging Strike 0-2: Ball 1-2: Ground out 5-3 (Groundball, 56S)
|
Top of the 4th over - 0 run(s), 0 hit(s), 0 error(s), 0 left on base; Maryland 1 - Xavier 1 |
BOTTOM OF THE 4TH |
Xavier Musketeers batting - Pitching for Maryland Terrapins : RHP Andrew Gil
|
Batting: RHB Weldon Samuels
|
0-0: Fly out, F9 (Flyball, 89S)
|
Batting: RHB James Simon
|
0-0: Ball 1-0: Foul Ball, location: 2F 1-1: Called Strike 1-2: Ball 2-2: Fly out, F8 (Flyball, 8RM)
|
Batting: LHB Bobby Meegan
|
0-0: Ball 1-0: Ball 2-0: Called Strike 2-1: Foul Ball, location: 2F 2-2: Ball 3-2: SINGLE (Line Drive, 89S)
|
Batting: RHB Les Rupp
|
0-0: Ball 1-0: Ball 2-0: Ball 3-0: Called Strike 3-1: Base on Balls Bobby Meegan to second
|
Batting: RHB Art Cornell
|
0-0: Fielders Choice at 2nd, 6-4 (Groundball, 6)
|
Bottom of the 4th over - 0 run(s), 1 hit(s), 0 error(s), 1 left on base; Maryland 1 - Xavier 1 |
TOP OF THE 5TH |
Maryland Terrapins batting - Pitching for Xavier Musketeers : RHP Garrett Bell
|
Batting: RHB Bill Cooper
|
0-0: Ball 1-0: Called Strike 1-1: Ball 2-1: Foul Ball, location: 2F 2-2: Ball 3-2: Base on Balls
|
Batting: LHB Josh Peterson
|
0-0: Fly out, F9 (Flyball, 89S)
|
Batting: RHB Juan Arroyo
|
0-0: Fly out, F5 (Popup, 5D)
|
Batting: RHB Bill Marsh
|
0-0: Called Strike 0-1: Called Strike 0-2: Ball 1-2: Ball 2-2: Ball 3-2: Fly out, F7 (Flyball, 7S)
|
Top of the 5th over - 0 run(s), 0 hit(s), 0 error(s), 1 left on base; Maryland 1 - Xavier 1 |
BOTTOM OF THE 5TH |
Xavier Musketeers batting - Pitching for Maryland Terrapins : RHP Andrew Gil
|
Batting: RHB Florentino López
|
0-0: Ball 1-0: Swinging Strike 1-1: Ball 2-1: Ball 3-1: Swinging Strike 3-2: Foul Ball, location: 2F 3-2: Base on Balls
|
Batting: LHB Freddy Torres
|
0-0: Called Strike 0-1: Called Strike 0-2: Ball 1-2: Ball 2-2: Foul Ball, location: 2F 2-2: Ball 3-2: Grounds into double play, 4-6-3 (Groundball, 4)
|
Batting: RHB Jeff Lawrence
|
0-0: Ball 1-0: Ball 2-0: Swinging Strike 2-1: Ball 3-1: Foul Ball, location: 2F 3-2: Foul Ball, location: 2F 3-2: Foul Ball, location: 2F 3-2: Foul Ball, location: 2F 3-2: DOUBLE (Line Drive, 78D)
|
Pitching: RHP Marty Ford
|
|
Batting: RHB Bobby Doyle
|
0-0: Ball 1-0: Foul Ball, location: 2F 1-1: Fly out, F7 (Flyball, 7LM)
|
Bottom of the 5th over - 0 run(s), 1 hit(s), 0 error(s), 1 left on base; Maryland 1 - Xavier 1 |
TOP OF THE 6TH |
Maryland Terrapins batting - Pitching for Xavier Musketeers : RHP Garrett Bell
|
Batting: LHB Edmund Stone
|
0-0: Swinging Strike 0-1: Ball 1-1: Ball 2-1: Called Strike 2-2: Strikes out looking
|
Batting: LHB James Navarro
|
0-0: Called Strike 0-1: Called Strike 0-2: Foul Ball, location: 2F 0-2: Strikes out swinging
|
Batting: LHB Gary Powers
|
0-0: Ball 1-0: Called Strike 1-1: Foul Ball, location: 2F 1-2: Foul Ball, location: 2F 1-2: Foul Ball, location: 2F 1-2: Ball 2-2: Fly out, F7 (Flyball, 7)
|
Top of the 6th over - 0 run(s), 0 hit(s), 0 error(s), 0 left on base; Maryland 1 - Xavier 1 |
BOTTOM OF THE 6TH |
Xavier Musketeers batting - Pitching for Maryland Terrapins : RHP Marty Ford
|
Batting: RHB Weldon Samuels
|
0-0: Ball 1-0: Called Strike 1-1: Ball 2-1: Swinging Strike 2-2: Ball 3-2: Base on Balls
|
Batting: RHB James Simon
|
0-0: Hit by Pitch Weldon Samuels to second
|
Batting: LHB Bobby Meegan
|
0-0: Fly out, F7 (Flyball, 7LSF)
|
Batting: RHB Les Rupp
|
0-0: Called Strike 0-1: Ball 1-1: Ball 2-1: Ball 3-1: Reached on error, E6 (Groundball, 6) Weldon Samuels to third James Simon to second
|
Batting: RHB Art Cornell
|
0-0: Ball 1-0: Called Strike 1-1: SINGLE (Line Drive, 8RS) Weldon Samuels scores James Simon to third Les Rupp to second
|
Batting: RHB Florentino López
|
0-0: Ball 1-0: Ball Wild Pitch! James Simon scores Les Rupp to third Art Cornell to second 2-0: Fly out, F9 (Line Drive, 89S) Runner from 3rd tags up, SCORES, no throw
|
Batting: LHB Freddy Torres
|
0-0: Intentional Walk
|
Pitching: LHP Enrico Sánchez
|
|
Batting: RHB Jeff Lawrence
|
0-0: Called Strike 0-1: Ball 1-1: Ball 2-1: Called Strike 2-2: Foul Ball, location: 2F 2-2: DOUBLE (Line Drive, 8RM) Art Cornell scores Freddy Torres to third Runner from 3rd tries for Home, throw and OUT!
|
Bottom of the 6th over - 4 run(s), 2 hit(s), 1 error(s), 1 left on base; Maryland 1 - Xavier 5 |
TOP OF THE 7TH |
Maryland Terrapins batting - Pitching for Xavier Musketeers : RHP Garrett Bell
|
Pitching: RHP Bob Taylor
|
|
Batting: RHB Randall James
|
0-0: Fly out, F7 (Flyball, 7)
|
Batting: LHB Don MacNeill
|
0-0: Ball 1-0: Swinging Strike 1-1: Ball 2-1: Ground out 4-3 (Groundball, 4)
|
Batting: RHB Bill Cooper
|
0-0: Ball 1-0: Foul Ball, location: 2F 1-1: SINGLE (Groundball, 4MD)
|
Batting: LHB Josh Peterson
|
0-0: Ball 1-0: Called Strike 1-1: Foul Ball, location: 2F 1-2: Strikes out swinging
|
Top of the 7th over - 0 run(s), 1 hit(s), 0 error(s), 1 left on base; Maryland 1 - Xavier 5 |
BOTTOM OF THE 7TH |
Xavier Musketeers batting - Pitching for Maryland Terrapins : LHP Enrico Sánchez
|
Batting: RHB Bobby Doyle
|
0-0: Called Strike 0-1: Ball 1-1: Swinging Strike 1-2: Ground out 6-3 (Groundball, 6)
|
Batting: RHB Weldon Samuels
|
0-0: Ball 1-0: Ball 2-0: Called Strike 2-1: Ball 3-1: Foul Ball, location: 2F 3-2: Foul Ball, location: 2F 3-2: Base on Balls
|
Batting: RHB James Simon
|
0-0: Foul Ball, location: 2F 0-1: Ball 1-1: Foul Ball, location: 2F 1-2: Strikes out swinging
|
Batting: LHB Bobby Meegan
|
0-0: Ball 1-0: Foul Ball, location: 2F 1-1: Ball 2-1: Called Strike 2-2: Foul Ball, location: 2F 2-2: Ball Weldon Samuels is caught stealing 2nd base
|
Bottom of the 7th over - 0 run(s), 0 hit(s), 0 error(s), 0 left on base; Maryland 1 - Xavier 5 |
TOP OF THE 8TH |
Maryland Terrapins batting - Pitching for Xavier Musketeers : RHP Bob Taylor
|
Batting: RHB Juan Arroyo
|
0-0: Ball 1-0: Foul Ball, location: 2F 1-1: Ball 2-1: Ball 3-1: Foul Ball, location: 2F 3-2: Foul Ball, location: 2F 3-2: Foul Ball, location: 2F 3-2: Base on Balls
|
Batting: RHB Bill Marsh
|
0-0: Called Strike 0-1: Foul Ball, location: 2F 0-2: Ball 1-2: Strikes out swinging
|
Batting: LHB Edmund Stone
|
0-0: Ball 1-0: Swinging Strike 1-1: Ball 2-1: Foul Ball, location: 2F 2-2: Ball 3-2: Base on Balls Juan Arroyo to second
|
Pitching: RHP Austin Shepardson
|
|
Batting: LHB James Navarro
|
0-0: Ball 1-0: Ball 2-0: Grounds into double play, 4-6-3 (Groundball, 4)
|
Top of the 8th over - 0 run(s), 0 hit(s), 0 error(s), 1 left on base; Maryland 1 - Xavier 5 |
BOTTOM OF THE 8TH |
Xavier Musketeers batting - Pitching for Maryland Terrapins : LHP Enrico Sánchez
|
Batting: LHB Bobby Meegan
|
0-0: Ball 1-0: Ground out 4-3 (Groundball, 4)
|
Batting: RHB Les Rupp
|
0-0: Ball 1-0: Called Strike 1-1: Fly out, F8 (Flyball, 8LM)
|
Pitching: RHP David Wilson
|
|
Batting: RHB Art Cornell
|
0-0: Called Strike 0-1: Swinging Strike 0-2: SINGLE (Groundball, 56) (infield hit)
|
Batting: RHB Florentino López
|
0-0: Ball 1-0: Swinging Strike 1-1: Swinging Strike 1-2: Ball Throwing error on steal attempt, E2 Art Cornell to third 2-2: Foul Ball, location: 2F 2-2: Ball 3-2: Strikes out swinging
|
Bottom of the 8th over - 0 run(s), 1 hit(s), 1 error(s), 1 left on base; Maryland 1 - Xavier 5 |
TOP OF THE 9TH |
Maryland Terrapins batting - Pitching for Xavier Musketeers : RHP Austin Shepardson
|
Batting: LHB Gary Powers
|
0-0: Ball 1-0: Called Strike 1-1: Ball 2-1: Swinging Strike 2-2: Foul Ball, location: 2F 2-2: Fly out, F7 (Flyball, 7LS)
|
Batting: RHB Randall James
|
0-0: SOLO HOME RUN (Flyball, 78XD), Distance : 398 ft
|
Batting: LHB Don MacNeill
|
0-0: Fly out, F7 (Flyball, 7LM)
|
Batting: RHB Bill Cooper
|
0-0: Ball 1-0: Ball 2-0: Swinging Strike 2-1: Ground out 6-3 (Groundball, 6)
|
Top of the 9th over - 1 run(s), 1 hit(s), 0 error(s), 0 left on base; Maryland 2 - Xavier 5 |
|